 Dungeon Crawl Stone Soup version bcrawl-1.35.1 (webtiles) character file.

Game seed: 781444318559925442

326246 ChrillePille the Basher (level 9, -4/74 HPs)
             Began as a Sand Dwarf Skald on Dec 26, 2021.
             Was a Follower of Cheibriados.
             Slain by a wight
             ... wielding a cursed +0 morningstar of protection
              (6 damage)
             ... on level 6 of the Dungeon.
             The game lasted 00:31:25 (4452 turns).

ChrillePille the Basher (Sand Dwarf Skald)          Turns: 4452, Time: 00:31:26

Health: -4/74      AC: 12    Str: 20    XL:     9   Next: 19%
Magic:  11/14      EV: 10    Int: 21    God:    Cheibriados [*.....]
Gold:   242        SH:  0    Dex: 12    Spells: 3/15 levels left

rFire    . . .     SeeInvis .   q - +0 morningstar
rCold    . . .     Gourm    .   (shield currently unavailable)
rNeg     . . .     Faith    .   f - +2 chain mail
rPois    .         Spirit   .   (no helmet)
rElec    .         Reflect  .   (no cloak)
rCorr    .         Clarity  +   (no gloves)
MR       +....                  (no boots)
Stlth    ..........             t - amulet of magic regeneration
HPRegen  0.22/turn              y - +4 ring of intelligence
MPRegen  0.39/turn              (no ring)

@: infused (expiring), very slightly contaminated, heavily drained, very slow
A: small, slowness 1, armour attunement
a: Bend Time, Renounce Religion


You were on level 6 of the Dungeon.
You worshipped Cheibriados.
Cheibriados was aware of your devotion.
You were very hungry.

You visited 2 branches of the dungeon, and saw 7 of its levels.

You collected 242 gold pieces.

Inventory:

Hand Weapons
 a - a +0 flail
 g - a +0 hunting sling
 i - a +0 falchion
 l - a +0 spear
 p - a +0 whip
 q - a +0 morningstar (weapon)
 D - a +0 rapier
 E - a +1 dagger of electrocution
Missiles
 h - 519 sling bullets
 j - 346 bolts
 k - 398 poisoned needles
 s - 600 arrows
 w - 5 poisoned tomahawks (quivered)
Armour
 b - a +0 leather armour
 f - a +2 chain mail (worn)
 n - a +3 leather armour
 o - a +0 robe of magic recovery
 A - a +2 buckler
Jewellery
 t - an amulet of magic regeneration (around neck)
 y - a +4 ring of intelligence (left hand)
Scrolls
 z - a scroll of remove curse
Potions
 c - a potion of cancellation {unknown}
 m - 2 potions of agility {unknown}
 r - 3 potions of lignification {unknown}
 u - a potion of ambrosia {unknown}
 v - 2 potions of flight {unknown}
 x - a potion of heal wounds {unknown}
 B - a potion of curing {unknown}
 C - 2 potions of brilliance {unknown}
Comestibles
 e - 9 rations {!d}


   Skills:
 + Level 5.5(3.9) Fighting
 + Level 9.7(7.9) Maces & Flails
 + Level 3.4(1.8) Throwing
 + Level 7.2(5.5) Armour
 + Level 2.1(0.6) Dodging
 + Level 0.2(0.0) Stealth
 + Level 0.1(0.0) Shields
 + Level 3.6(2.0) Spellcasting
 + Level 4.3(2.7) Charms
 + Level 0.1(0.0) Necromancy
 + Level 0.3(0.0) Invocations


You had 3 spell levels left.
You knew the following spells:

 Your Spells              Type           Power        Failure   Level  Hunger
a - Infusion              Chrm           ##......     4%          1    None
b - Song of Slaying       Chrm           ##......     7%          2    ##.....
c - Ozocubu's Armour      Chrm/Ice       #.......     26%         3    ####...
d - Regeneration          Chrm/Necr      #.........   26%         3    ####...
e - Spectral Weapon       Hex/Chrm       #.......     26%         3    ####...

Your spell library contained the following spells:

 Spells                   Type           Power        Failure   Level  Hunger
 Swiftness                Chrm/Air       #.......     13%         2    ##.....


Dungeon Overview and Level Annotations

Branches:
Dungeon (6/12)             Temple (1/1) D:4

Altars:
Cheibriados
Okawaru

Shops:
D:5 [


Innate Abilities, Weirdness & Mutations

You are small and have problems with some larger weapons.
You cover ground slowly.
Armour does not affect your spellcasting.


Message History

The wight hits you with a cursed +0 morningstar of protection.
* * * LOW HITPOINT WARNING * * *
A wight is nearby!
A wight is nearby!
The wight hits you with a cursed +0 morningstar of protection!
* * * LOW HITPOINT WARNING * * *
Your magical infusion is running out.
The wight hits you with a cursed +0 morningstar of protection.
* * * LOW HITPOINT WARNING * * *
You sock the wight!
The wight is heavily damaged.
The wight hits you with a cursed +0 morningstar of protection.
* * * LOW HITPOINT WARNING * * *
Casting: Infusion (safe; 4% risk of failure)
Confirm with . or Enter, or press ? or * to list all spells.
You miscast Regeneration.
You are very lightly contaminated with residual magic.
Nothing appears to happen.
The wight hits you with a cursed +0 morningstar of protection.
You die...

#### ## # ###.#
#### #...#
####...
#)######....##
####.#......####
###......######
#.@z#.#### ####
#......##.)#
#... #....##
#)## #.## #...
#...# ##.
....### .....##.
. .. . #. .


You could see a wight.

Vanquished Creatures
  A komodo dragon (D:5)
  A hippogriff (D:4)
  Sigmund (D:5)
  Eustachio (D:5)
  2 sky beasts
  An ogre (D:5)
  A centaur (D:5)
  A scorpion (D:5)
  A water moccasin skeleton (D:6)
  A jelly (D:5)
  4 wights (D:6)
  2 howler monkeys (D:5)
  5 crimson imps
  2 orc wizards (D:5)
  A centaur skeleton (D:3)
  A hound (D:5)
  A bullfrog skeleton (D:5)
  Ijyb (D:5)
  2 worker ants
  A hound skeleton (D:5)
  3 adders (D:3)
  3 shadow imps
  An adder skeleton (D:5)
  A worm (D:3)
  3 dart slugs
  2 leopard geckos (D:1)
  6 orcs
  8 bats
  A giant cockroach (D:1)
  6 goblins
  10 hobgoblins
  A jackal (D:4)
  2 quokkas
  3 frilled lizards (D:1)
  A jackal skeleton (D:3)
  2 kobolds (D:1)
  4 rats
88 creatures vanquished.

Vanquished Creatures (others)
  A spectral weapon (D:6)
1 creature vanquished.

Grand Total: 89 creatures vanquished

Notes
Turn   | Place    | Note
-------+----------+-------------------------------------------
     0 | D:1      | ChrillePille the Sand Dwarf Skald began the quest for the
                  | Orb.
     0 | D:1      | Reached XP level 1. HP: 18/18 MP: 3/3
    93 | D:1      | Reached XP level 2. HP: 24/25 MP: 5/5
   271 | D:1      | Learned a level 2 spell: Song of Slaying
   382 | D:1      | Reached XP level 3. HP: 24/31 MP: 6/6
   821 | D:2      | Reached skill level 4 in Maces & Flails
   861 | D:2      | You fall into a shaft and drop 1 floor!
   912 | D:3      | Reached XP level 4. HP: 38/38 MP: 5/7
  1363 | D:3      | Reached skill level 5 in Maces & Flails
  1363 | D:3      | Reached XP level 5. HP: 29/46 MP: 5/8
  2057 | D:4      | Reached skill level 6 in Maces & Flails
  2066 | D:4      | Found a staircase to the Ecumenical Temple.
  2082 | Temple   | Entered the Ecumenical Temple
  2103 | Temple   | Became a worshipper of Cheibriados the Contemplative
  2280 | D:4      | Reached XP level 6. HP: 51/52 MP: 9/9
  2293 | D:4      | Noticed a sky beast
  2300 | D:4      | Killed a sky beast
  2471 | D:4      | Noticed a hippogriff
  2480 | D:4      | Killed a hippogriff
  2481 | D:4      | Reached skill level 7 in Maces & Flails
  2481 | D:4      | Reached skill level 1 in Throwing
  2481 | D:4      | Reached XP level 7. HP: 47/60 MP: 4/10
  2591 | D:5      | Entered Level 5 of the Dungeon
  2707 | D:5      | Found an iron altar of Okawaru.
  2980 | D:5      | Reached skill level 5 in Armour
  2983 | D:5      | Reached skill level 8 in Maces & Flails
  3078 | D:5      | Reached skill level 5 in Fighting
  3107 | D:5      | Reached XP level 8. HP: 68/68 MP: 12/12
  3227 | D:5      | Noticed Sigmund
  3258 | D:5      | Killed Sigmund
  3349 | D:5      | Noticed Eustachio
  3373 | D:5      | Killed Eustachio
  3374 | D:5      | Reached skill level 9 in Maces & Flails
  3385 | D:5      | Found Ibedwi's Armour Shoppe.
  3527 | D:5      | Reached * piety under Cheibriados
  3601 | D:5      | Learned a level 3 spell: Ozocubu's Armour
  3605 | D:5      | Learned a level 3 spell: Regeneration
  3609 | D:5      | Learned a level 3 spell: Spectral Weapon
  3772 | D:5      | Noticed a komodo dragon
  3785 | D:5      | Killed a komodo dragon
  3786 | D:5      | Reached XP level 9. HP: 7/74 MP: 12/14
  4155 | D:5      | Noticed Ijyb
  4212 | D:5      | Killed Ijyb
  4451 | D:6      | HP: 2/74 [wight/cursed +0 morningstar of protection (4)]
  4452 | D:6      | Slain by a wight

Skill      XL: |  1  2  3  4  5  6  7  8  9 |
---------------+----------------------------+-----
Fighting       | 3 4 5 |  5.5
Maces & Flails | 4 5 6 7 8 9 |  9.7
Armour         | 2 3 4 5 6 7 |  7.2
Throwing       | 1 3 |  3.4
Spellcasting   | 3 |  3.6
Dodging        | 2 |  2.1
Charms         | 4 |  4.3
Stealth        | |  0.2
Shields        | |  0.1
Necromancy     | |  0.1
Invocations    | |  0.3

Action                   |  1- 3 |  4- 6 |  7- 9 || total
-------------------------+-------+-------+-------++-------
Melee: Flail             |    98 |   117 |       ||   215
       Morningstar       |       |     3 |   172 ||   175
Throw: Tomahawk          |       |    11 |    33 ||    44
 Cast: Infusion          |     4 |     2 |    16 ||    22
       Song of Slaying   |     1 |       |     3 ||     4
       Regeneration      |       |       |     5 ||     5
       Spectral Weapon   |       |       |     5 ||     5
       Ozocubu's Armour  |       |       |     2 ||     2
Invok: Bend Time         |       |     1 |     1 ||     2
  Use: Scroll            |     4 |     8 |     2 ||    14
  Eat: Chunk             |     3 |     8 |    12 ||    23
       Ration            |       |     1 |       ||     1
Armor: Leather armour    |     5 |       |       ||     5
       Chain mail        |    30 |    59 |    91 ||   180
Dodge: Dodged            |    54 |    69 |    88 ||   211
Block: Other             |       |       |     7 ||     7
